 Dungeon Crawl Stone Soup version 0.23-a0-554-gd3cbc8420a (webtiles) character file.

51 Morrissey the Skirmisher (level 3, 0/33 HPs)
             Began as a Minotaur Fighter on Dec 10, 2018.
             Killed from afar by Natasha (5 damage)
             ... with a magic dart
             ... on level 2 of the Dungeon.
             The game lasted 00:01:13 (578 turns).

Morrissey the Skirmisher (Minotaur Fighter)          Turns: 578, Time: 00:01:14

Health: 0/33       AC:  7    Str: 20    XL:     3   Next: 58%
Magic:  2/2        EV:  7    Int:  5    God:
Gold:   149        SH:  9    Dex: 10    Spells: 2/2 levels left

rFire    . . .     SeeInvis .   a - +0 long sword
rCold    . . .     Gourm    .   c - +0 shield
rNeg     . . .     Faith    .   b - +0 scale mail
rPois    +         Spirit   .   (helmet restricted)
rElec    .         Reflect  .   (no cloak)
rCorr    .         Harm     .   (no gloves)
MR       .....                  (no boots)
Stlth    ..........             (no amulet)
HPRegen  0.11/turn              (no ring)
MPRegen  0.08/turn              e - ring of poison resistance

@: no status effects
A: retaliatory headbutt, horns 2
a: no special abilities


You were on level 2 of the Dungeon.
You were not hungry.

You visited 1 branch of the dungeon, and saw 2 of its levels.

You collected 149 gold pieces.

Inventory:

Hand Weapons
 a - a +0 long sword (weapon)
Armour
 b - a +0 scale mail (worn)
 c - a +0 shield (worn)
Jewellery
 e - a ring of poison resistance (right hand)
Scrolls
 g - a scroll of enchant weapon {unknown}
 i - a scroll of identify {unknown}
 j - a scroll of enchant armour {unknown}
 m - 2 scrolls of fear {unknown}
 o - a scroll of amnesia {unknown}
Potions
 d - a potion of might
 k - 2 potions of invisibility {unknown}
 l - 5 potions of curing {unknown}
 n - a potion of flight {unknown}
Comestibles
 f - a ration
 h - 6 chunks of flesh


   Skills:
 + Level 4.1 Fighting
 * Level 3.6 Long Blades
 + Level 4.1 Armour
 + Level 4.1 Shields


You had 2 spell levels left.
You didn't know any spells.
Your spell library was empty.

Dungeon Overview and Level Annotations

Branches:
Dungeon (2/15)

Altars:

Annotations:
D:2 Natasha


Innate Abilities, Weirdness & Mutations

You reflexively headbutt those who attack you in melee.
You have a pair of horns on your head.


Message History

Natasha zaps a wand.
The puff of flame hits you!
You closely miss Natasha. You block Natasha's attack.
The iron imp hits you but does no damage.
You closely miss Natasha. You headbutt Natasha!
Natasha is severely wounded.
Natasha claws you.
* * * LOW HITPOINT WARNING * * *
The iron imp hits you!
* * * LOW HITPOINT WARNING * * *
You completely miss Natasha.
Natasha is severely wounded.
Natasha casts a spell.
Natasha barely misses you.
You closely miss Natasha.
Natasha is severely wounded.
The iron imp hits you.
* * * LOW HITPOINT WARNING * * *
Natasha casts a spell at you. The magic dart hits you!
You die...

... ... .. ##.. .# #...
##+####.#. #..#
#......... #5.#
#..)...#
#.###..#######......#
#....h.............÷###
#.#@######.#'####...
#.5...÷.##.#.# #÷##
###.###....#.####...
#.# ######.....##. #.#
#####.##. #.# #.... ..#
##### ..# ..


You could see an iron imp, Natasha and a crimson imp.

Vanquished Creatures
  2 adders (D:2)
  A dart slug (D:2)
  3 leopard geckos
  2 bats (D:1)
  A giant cockroach (D:1)
  2 goblins
  8 hobgoblins
  2 jackals (D:1)
  2 frilled lizards (D:1)
  4 rats
27 creatures vanquished.

Notes
Turn   | Place    | Note
-------+----------+-------------------------------------------
     0 | D:1      | Morrissey the Minotaur Fighter began the quest for the Orb.
     0 | D:1      | Reached XP level 1. HP: 19/19 MP: 0/0
   133 | D:1      | Reached XP level 2. HP: 22/27 MP: 1/1
   508 | D:2      | Reached XP level 3. HP: 24/33 MP: 2/2
   572 | D:2      | Noticed Natasha
   578 | D:2      | Killed from afar by Natasha

Vault maps used:
D:1:      dpeg_arrival_radiant
D:2:      elyvilon_altar_4, uniq_natasha

Skill      XL: |  1  2 |
---------------+-------+-----
Long Blades    | 3 |  3.6
Fighting       | 4 |  4.1
Armour         | 4 |  4.1
Shields        | 4 |  4.1

Action                   || total
-------------------------++-------
Melee: Long sword        ||    61
       Headbutt          ||    11
  Use: Scroll            ||     1
Armor: Scale mail        ||    30
Dodge: Dodged            ||    23
Block: Shield            ||    33
       Rpst.: Long sword ||     6

Table legend:
 A = Non-vault XP
 B = Vault XP
 C = Vault XP percentage of total XP
 D = Non-vault monster count
 E = Vault monster count
 F = Vault count percentage of total count
                 A         B        C        D         E       F
            +---------+---------+-------+---------+---------+-------
      Total |      74 |       0 |   0.0 |      27 |       0 |   0.0
            +---------+---------+-------+---------+---------+-------
        D:1 |      36 |       0 |   0.0 |      20 |       0 |   0.0
        D:2 |      38 |       0 |   0.0 |       7 |       0 |   0.0
            +---------+---------+-------+---------+---------+-------
